 Dungeon Crawl Stone Soup version 0.26.1-2-gb8aa6d0cf2 (webtiles) character file.

Game seed: 18132818809426393468

3080 infcreate the Fighter (level 9, 55/59 HPs)
             Began as a Gargoyle Monk on Mar 27, 2021.
             Was an Elder of Ashenzari.
             Quit the game on level 8 of the Dungeon.
             The game lasted 00:39:04 (7276 turns).

infcreate the Fighter (Gargoyle Monk)               Turns: 7276, Time: 00:39:05

Health: 55/59      AC: 25    Str: 19    XL:     9   Next: 89%
Magic:  9/9        EV: 24    Int: 10    God:    Ashenzari [****..]
Gold:   274        SH:  0    Dex: 12    Spells: 8/8 levels left

rFire    . . .     SeeInvis +   a - +1 mace (curse)
rCold    . . .     Faith    .   (no shield)
rNeg     + . .     Spirit   .   F - +1 chain mail (curse)
rPois    ∞         Reflect  .   (no helmet)
rElec    +         Harm     .   c - scarf {repulsion} (curse)
rCorr    .         Rampage  .   t - +1 pair of gloves (curse)
Will     .....     Clarity  +   (no boots)
Stlth    ..........             v - amulet of the acrobat (curse)
HPRegen  0.19/turn              q - +4 ring of protection (curse)
MPRegen  0.11/turn              (no ring)

@: acrobat, repel missiles
A: negative energy resistance 1, electricity resistance, unbreathing,
petrification resistance, miasma immunity, AC +6
a: Renounce Religion, Curse Item, Scrying


You were on level 8 of the Dungeon.
You worshipped Ashenzari.
Ashenzari was greatly pleased with you.
You visited 1 branch of the dungeon, and saw 8 of its levels.
You also visited: Sewer.

You collected 274 gold pieces.

Inventory:

Hand Weapons
 a - a cursed +1 mace (weapon)
Armour
 c - a cursed scarf of repulsion (worn)
 t - a cursed +1 pair of gloves (worn)
 F - a cursed +1 chain mail (worn)
Jewellery
 q - a cursed +4 ring of protection (left hand)
 v - a cursed amulet of the acrobat (around neck)
Wands
 s - a wand of polymorph (12)
 z - a wand of enslavement (1)
 A - a wand of paralysis (5)
 H - a wand of acid (7)
Scrolls
 b - 2 scrolls of noise {unknown}
 f - 3 scrolls of teleportation
 h - a scroll of enchant weapon
 i - 3 scrolls of blinking
 l - a scroll of amnesia
 m - 9 scrolls of identify
 n - 3 scrolls of fog
 o - a scroll of enchant armour
 p - 3 scrolls of fear {unknown}
 u - a scroll of magic mapping {unknown}
 x - a scroll of random uselessness {unknown}
 y - 2 scrolls of immolation {unknown}
 C - 2 scrolls of remove curse
Potions
 d - 4 potions of heal wounds {unknown}
 e - 2 potions of haste
 g - 4 potions of curing
 j - 2 potions of resistance {unknown}
 k - a potion of brilliance {unknown}
 r - 2 potions of flight {unknown}
 w - a potion of invisibility {unknown}
 B - 2 potions of attraction {unknown}
 D - a potion of degeneration {unknown}
 E - a potion of lignification {unknown}
 G - a potion of magic {unknown}


   Skills:
 * Level 8.2 Fighting
 * Level 7.4(10.9) Maces & Flails
 * Level 7.1(10.6) Armour
 - Level 2.5 Dodging
 - Level 2.2 Stealth
 * Level 7.1 Shields


You had 8 spell levels left.
You didn't know any spells.
Your spell library was empty.

Dungeon Overview and Level Annotations

Branches:
Dungeon (8/15)             Temple (0/1) D:5           Sewer (visited)
   Lair: D:8-11

Altars:
Ashenzari
Hepliaklqana
Nemelex Xobeh
Okawaru
Ru
Yredelemnul
Zin
The Shining One

Shops:
D:6 =(==*


Innate Abilities, Weirdness & Mutations

You are resistant to torment.
Your stone body is resilient. (AC +6)
You are immune to poison.
You resist negative energy. (rN+)
You are resistant to electric shocks. (rElec)
You can survive without breathing.
You are immune to petrification.
You are immune to miasma.


Message History

The orc wizard hits you but does no damage.
You barely miss the orc wizard.
The orc wizard is moderately wounded.
The orc wizard barely misses you.
You closely miss the orc wizard.
The orc wizard is moderately wounded.
The orc wizard barely misses you.
You closely miss the orc wizard.
The orc wizard is moderately wounded.
The orc wizard hits you but does no damage.
You hit the orc wizard.
The orc wizard is heavily wounded.
You sock the orc wizard!
You kill the orc wizard!
Items here: )) [ †.
Items here: )) [ †.
Things that are here:
a +0 dagger; a +0 robe; an orc corpse Unknown command.
Are you sure you want to abandon this character and quit the game? (Confirm with "yes".)

.)≈≈≈≈......'....#
≈≈≈≈........#....#
.......#....#....#
.......#....#....#
.......#....#....#
.......##...#....###
....#+###...#####..#
....#..............#
....#...........@..##
....#######.####)...#
##### * ### #..####
{..........#
,{.........># *
,..........#
***###..##..## ** *
,* * ,*##+ ##+# , ,,,
, ,, , ,, , ,, ,,


There were no monsters in sight!

Vanquished Creatures
  A two-headed ogre (D:8)
  Pikel (D:6)
  Purgy (Sewer)
  2 orc warriors (D:7)
  A black bear (D:6)
  An ice beast (D:6)
  2 sky beasts
  An ogre (D:6)
  3 bullfrogs
  2 scorpions
  2 wights (D:7)
  A quasit (D:6)
  2 jellies
  2 orc priests
  Crazy Yiuf (D:3)
  A bullfrog skeleton (D:6)
  Terence (D:2)
  An iguana (D:8)
  5 orc wizards
  Ijyb (D:4)
  4 worker ants
  A killer bee zombie (D:6)
  A hound skeleton (D:6)
  4 gnolls (D:3)
  10 adders
  A river rat (D:6)
  3 shadow imps
  A white imp (D:7)
  2 oozes
  An adder skeleton (D:4)
  A worm (D:3)
  6 dart slugs
  6 leopard geckos
  15 orcs
  9 giant cockroaches
  11 goblins
  13 hobgoblins
  2 jackals (D:2)
  9 kobolds
  3 quokkas
  A ball python (D:4)
  5 bats
  5 frilled lizards
  3 goblin skeletons (D:6)
  3 goblin zombies (D:6)
  2 kobold skeletons (D:6)
  A leopard gecko skeleton (D:4)
  3 orc zombies (D:6)
  8 rats
  A spectral orc (D:3)
167 creatures vanquished.

Vanquished Creatures (others)
  An orc wizard (D:4)
1 creature vanquished.

Grand Total: 168 creatures vanquished

Notes
Turn   | Place    | Note
-------+----------+-------------------------------------------
     0 | D:1      | infcreate the Gargoyle Monk began the quest for the Orb.
     0 | D:1      | Reached XP level 1. HP: 14/14 MP: 1/1
    96 | D:1      | Reached XP level 2. HP: 8/20 MP: 2/2
   735 | D:1      | Reached XP level 3. HP: 24/24 MP: 3/3
   864 | D:1      | Reached skill level 1 in Armour
   923 | D:1      | Reached skill level 4 in Fighting
  1008 | D:1      | Reached skill level 1 in Shields
  1204 | D:2      | Reached XP level 4. HP: 14/29 MP: 4/4
  1530 | D:2      | Noticed Terence
  1581 | D:2      | Killed Terence
  2083 | D:3      | Found a broken altar of Ashenzari.
  2083 | D:3      | Found a sparkling altar of Nemelex Xobeh.
  2098 | D:3      | Became a worshipper of Ashenzari the Shackled
  2098 | D:3      | Reached * piety under Ashenzari
  2098 | D:3      | Reached ** piety under Ashenzari
  2137 | D:3      | Reached XP level 5. HP: 31/34 MP: 5/5
  2203 | D:3      | Found an iron altar of Okawaru.
  2345 | D:3      | Found a runed translucent door.
  2346 | D:3      | Noticed Crazy Yiuf
  2373 | D:3      | Killed Crazy Yiuf
  2456 | D:3      | Found a basalt altar of Yredelemnul.
  2977 | D:4      | Reached XP level 6. HP: 32/39 MP: 6/6
  3425 | D:4      | Reached skill level 5 in Fighting
  3838 | D:4      | Noticed Ijyb
  3868 | D:4      | Killed Ijyb
  3995 | D:5      | Entered Level 5 of the Dungeon
  4026 | D:5      | Found a staircase to the Ecumenical Temple.
  4244 | D:5      | Reached *** piety under Ashenzari
  4368 | D:5      | Reached XP level 7. HP: 39/44 MP: 7/7
  4575 | D:6      | Found Vesonn's Assorted Antiques.
  4611 | D:6      | Found Lomnedek's Jewellery Shoppe.
  4634 | D:6      | Found Qini's Jewellery Emporium.
  4648 | D:6      | Found Limaod's Weapon Emporium.
  4749 | D:6      | Found a glowing drain.
  4753 | Sewer    | Entered a sewer
  4848 | Sewer    | Noticed Purgy
  4861 | Sewer    | Killed Purgy
  4862 | Sewer    | Reached skill level 5 in Maces & Flails
  5213 | D:6      | Reached skill level 6 in Fighting
  5213 | D:6      | Reached XP level 8. HP: 50/51 MP: 8/8
  5585 | D:6      | Found a glowing golden altar of the Shining One.
  5676 | D:6      | Reached skill level 5 in Armour
  5689 | D:6      | Noticed Pikel
  5707 | D:6      | Reached skill level 5 in Shields
  5738 | D:6      | Killed Pikel
  5739 | D:6      | Reached skill level 7 in Fighting
  5739 | D:6      | Reached XP level 9. HP: 52/57 MP: 9/9
  5892 | D:6      | Found Heampumo's Jewellery Shop.
  5941 | D:7      | Found a sacrificial altar of Ru.
  6568 | D:7      | Reached **** piety under Ashenzari
  6827 | D:7      | Found a glowing silver altar of Zin.
  6827 | D:7      | Found a hazy altar of Hepliaklqana.
  6900 | D:8      | Noticed a two-headed ogre
  6927 | D:8      | Killed a two-headed ogre
  6928 | D:8      | Reached skill level 8 in Fighting
  7276 | D:8      | Quit the game

Illustrated notes

Levels and vault maps discovered:
D:1:      ncdulo_lavacross, layout_basic, serial_curves, eino_curves_03,
          eino_curves_02
D:2:      layout_basic, uniq_terence
D:3:      layout_basic, yredelemnul_forgotten_temple_becter,
          gammafunk_temple_overflow_pools, okawaru_gym_becter,
          uniq_crazy_yiuf_cottage
D:4:      kennysheep_the_goblin_king, layout_cave_pools
D:5:      layout_gridville, minmay_temple_entry_slanted, serial_rivers,
          chequers_serial_rivers_marsh, chequers_serial_rivers_micro_d,
          chequers_serial_rivers_large_a, chequers_serial_rivers_micro_c
D:6:      layout_cave_pods, nicolae_tso_besieged_by_evil, serial_shops,
          nicolae_shop_overgrown_old_shop, nicolae_shop_stone,
          kennysheep_mini_moat, shop, shop, gup_sewer_entry_spiral,
          centaur_isle, uniq_pikel
D:7:      cheibrodos_barr_body, layout_basic, gammafunk_temple_overflow_wave,
          basic_altar
D:8:      layout_gridville, serial_shops, shop, serial_rivers,
          chequers_serial_rivers_micro_e, chequers_serial_rivers_small_a,
          chequers_serial_rivers_micro_c, chequers_serial_rivers_small_b

Skill      XL: |  1  2  3  4  5  6  7  8  9 |
---------------+----------------------------+-----
Armour         | 1 2 3 4 5 7 |  7.1
Fighting       | 4 5 6 7 8 |  8.2
Shields        | 1 2 3 4 5 7 |  7.1
Maces & Flails | 4 5 6 7 |  7.4
Dodging        | |  2.5
Stealth        | |  2.2

Action                   |  1- 3 |  4- 6 |  7- 9 || total
-------------------------+-------+-------+-------++-------
Melee: Mace              |   119 |   270 |   414 ||   803
       Unarmed           |       |    10 |       ||    10
Invok: Curse Item        |       |     3 |     3 ||     6
  Use: Scroll            |     1 |     2 |     4 ||     7
 Stab: Sleeping          |     4 |     1 |       ||     5
       Confused          |       |     1 |       ||     1
Armor: Robe              |    28 |       |       ||    28
       Leather armour    |     8 |     2 |       ||    10
       Scale mail        |       |   129 |     4 ||   133
       Chain mail        |       |       |   226 ||   226
Dodge: Dodged            |    79 |   137 |   184 ||   400
       Repelled          |       |     3 |     2 ||     5
